 Dungeon Crawl Stone Soup version 0.30-a0-718-geaa24f58ff (webtiles) character file.

Game seed: 8385801422119278665

2192 pokeman the Thaumaturge (level 9, 0/44 (49) HPs)
             Began as a Deep Elf Hedge Wizard on Jan 25, 2023.
             Slain by a wight
             ... wielding a +4 spear of freezing
              (6 damage)
             ... on level 7 of the Dungeon.
             The game lasted 00:15:25 (6384 turns).

pokeman the Thaumaturge (Deep Elf Hedge Wizard)     Turns: 6384, Time: 00:15:26

HP:   0/44 (49)     AC:  6    Str:  7    XL:     9   Next: 12%
MP:   21/25         EV: 13    Int: 24    God:
Gold: 449           SH:  5    Dex: 14    Spells: 21/29 levels left

rFire   . . .      SeeInvis .    o - +0 arbalest
rCold   . . .      Faith    .    (shield currently unavailable)
rNeg    . . .      Spirit   .    b - +0 robe
rPois   .          Reflect  +    G - +0 helmet
rElec   .          Harm     .    (no cloak)
rCorr   .          Rampage  .    a - +2 pair of gloves
Will    .....                    (no boots)
Stlth   ++                       t - amulet of reflection
HPRegen 0.27/turn                r - ring of wizardry
MPRegen 0.19/turn                (no ring)

@: on blink cooldown, heavily drained
A: no striking features
a: no special abilities


You were on level 7 of the Dungeon.
You visited 2 branches of the dungeon, and saw 8 of its levels.
You also visited: Sewer.

You collected 449 gold pieces.

Inventory:

Hand Weapons
 o - a +0 arbalest (weapon)
 v - a +1 sling of electrocution
Missiles
 g - 2 throwing nets
Armour
 a - a +2 pair of gloves (worn)
 b - a +0 robe (worn)
 G - a +0 helmet (worn)
Magical Staves
 q - a staff of conjuration
Jewellery
 r - a ring of wizardry (left hand)
 t - an amulet of reflection (around neck)
Wands
 z - a wand of flame (61)
 H - a wand of roots (2)
Scrolls
 c - 2 scrolls of torment {unknown}
 e - 6 scrolls of teleportation {unknown}
 h - 10 scrolls of identify {unknown}
 i - 2 scrolls of enchant weapon {unknown}
 k - 3 scrolls of fog {unknown}
 m - a scroll of amnesia {unknown}
 x - 2 scrolls of vulnerability {unknown}
 y - a scroll of magic mapping {unknown}
 A - 3 scrolls of enchant armour {unknown}
 C - a scroll of silence {unknown}
 E - a scroll of poison {unknown}
 I - a scroll of fear {unknown}
Potions
 d - 3 potions of magic
 f - 3 potions of haste {unknown}
 j - 3 potions of heal wounds {unknown}
 l - 2 potions of brilliance {unknown}
 n - a potion of berserk rage {unknown}
 p - 3 potions of curing
 s - 2 potions of might {unknown}
 u - a potion of mutation {unknown}
 w - a potion of experience {unknown}
 B - a potion of invisibility
 D - a potion of flight {unknown}
 F - 2 potions of degeneration {unknown}


   Skills:
 + Level 2.5 Fighting
 - Level 3.0 Armour
 - Level 3.0 Dodging
 - Level 3.1 Stealth
 * Level 10.9 Spellcasting
 + Level 5.9 Conjurations
 + Level 5.0 Summonings
 - Level 1.1 Translocations
 - Level 1.0 Air Magic
 - Level 1.0 Poison Magic
 - Level 1.0 Evocations


You had 21 spell levels left.
You knew the following spells:

 Your Spells              Type           Power      Damage    Failure   Level
a - Magic Dart            Conj           100%       1d8       1%          1
b - Mephitic Cloud        Conj/Pois/Air  26%        N/A       1%          3
c - Call Imp              Summ           37%        N/A       1%          2
d - Blink                 Tloc           36%        N/A       1%          2

Your spell library contained the following spells:

 Spells                   Type           Power      Damage    Failure   Level
 Beastly Appendage        Tmut           26%        N/A       1%          1
 Freeze                   Ice            52%        1d6       1%          1
 Slow                     Hex            52%        N/A       1%          1
 Hailstorm                Conj/Ice       27%        3d7       1%          3
 Cigotuvi's Dreadful Rot  Necr/Pois/Air  32%        N/A       2%          2
 Wereblood                Tmut           13%        N/A       3%          2
 Spider Form              Tmut/Pois      15%        N/A       4%          3
 Vhi's Electric Charge    Tloc/Air       36%        N/A       4%          3
 Frozen Ramparts          Ice            26%        1d4       6%          3
 Tukima's Dance           Hex            13%        N/A       6%          3
 Passage of Golubria      Tloc           18%        N/A       12%         4
 Arcjolt                  Conj/Air       14%        1d24      13%         5
 Yara's Violent Unravell  Hex/Tmut       6%         3d5       45%         5
 Maxwell's Capacitive Co  Air            9%         ∞         100%        8


Dungeon Overview and Level Annotations

Branches:
Dungeon (7/15)             Temple (1/1) D:4           Sewer (visited)

Altars:
Ashenzari
Cheibriados
Dithmenos
Elyvilon
Fedhas
Hepliaklqana
Makhleb
Nemelex Xobeh
Okawaru
Qazlal
Ru
Sif Muna
Trog
Uskayaw
Wu Jian
Zin

Annotations:
D:5 1 runed translucent door, Laraso's ghost, novice DjHW


Message History

You shoot a bolt. The bolt hits the wight!
The wight is heavily damaged.
You hear a shout! x2
A wight comes into view. It is wielding a +0 mace.
The wight attacks as you move away! The wight hits you with a +0 mace.
Casting: Magic Dart (safe; 1% risk of failure)
Confirm with . or Enter, or press ? or * to list all spells.
A beastly little devil appears in a puff of flame.
The wight hits you with a +0 mace!
You feel drained.
Your crimson imp closely misses the wight.
The wight attacks as you move away! You block the wight's attack.
The wight hits your crimson imp with a +4 spear of freezing.
The wight freezes your crimson imp. The wight attacks as you move away!
You block the wight's attack.
Your crimson imp blinks!
The wight attacks as you move away! The wight closely misses you.
The wight attacks as you move away! The wight closely misses you.
The wight attacks as you move away! The wight hits you with a +0 mace.
You feel drained. The wight attacks as you move away!
The wight closely misses you. The wight attacks as you move away!
The wight hits you with a +0 mace. The wight attacks as you move away!
The wight hits you with a +0 mace!
Casting: Call Imp (safe; 1% risk of failure)
Confirm with . or Enter, or press ? or * to list all spells.
A metallic apparition takes form in the air.
The wight hits you with a +0 mace!
* * * LOW HITPOINT WARNING * * *
You feel drained.
* * * LOW HITPOINT WARNING * * *
The wight hits your iron imp but does no damage.
Casting: Call Imp (safe; 1% risk of failure)
Confirm with . or Enter, or press ? or * to list all spells.
You blink.
Your iron imp misses the wight.
The wight hits you with a +4 spear of freezing.
* * * LOW HITPOINT WARNING * * *
The wight freezes you.
* * * LOW HITPOINT WARNING * * *
The wight attacks as you move away!
The wight hits you with a +4 spear of freezing.
You die...

#########
#........#
#........#
#........#
#........#
#........#
#........#####
######.............
#.@z...............
##5###.............
#z# #.............
#.# #.............
#§# ########......
#.# #...... #.#
#...... #.# #######
#.#


You could see 2 wights and a friendly iron imp (summoned).

Vanquished Creatures
  Menkaure (D:4)
  A water moccasin (D:6)
  Pargi (Sewer)
  A black bear (D:6)
  3 ogres
  A centaur (D:5)
  2 phantoms
  3 scorpions
  2 wights (D:7)
  5 killer bees
  5 hounds
  3 jellies
  2 iguanas
  Jessica (D:2)
  Ijyb (D:4)
  Natasha (thrice) (D:3)
  6 gnolls (D:5)
  8 adders
  A river rat (D:4)
  An ufetubus (D:5)
  A worm (D:5)
  4 dart slugs
  6 orcs
  4 ball pythons
  6 bats
  8 endoplasms
  6 giant cockroaches
  7 goblins
  2 hobgoblins
  5 jackals
  5 kobolds
  7 quokkas
  3 frilled lizards
  4 rats
119 creatures vanquished.

Vanquished Creatures (collateral kills)
  3 killer bees
  A worm (D:2)
4 creatures vanquished.

Vanquished Creatures (others)
  A killer bee (D:6)
  4 fungi (D:5)
5 creatures vanquished.

Grand Total: 128 creatures vanquished

Notes
Turn   | Place    | Note
-------+----------+-------------------------------------------
     0 | D:1      | pokeman the Deep Elf Hedge Wizard began the quest for the
                  | Orb.
     0 | D:1      | Reached XP level 1. HP: 10/10 MP: 7/7
   194 | D:1      | Reached XP level 2. HP: 16/16 MP: 7/9
   586 | D:1      | Reached skill level 5 in Spellcasting
   937 | D:2      | Reached XP level 3. HP: 20/20 MP: 8/11
   941 | D:2      | Learned a level 3 spell: Mephitic Cloud
   944 | D:2      | Learned a level 2 spell: Call Imp
   947 | D:2      | Learned a level 2 spell: Blink
  1090 | D:2      | Noticed Jessica
  1099 | D:2      | Killed Jessica
  1100 | D:2      | Reached skill level 1 in Fighting
  1100 | D:2      | Reached skill level 1 in Armour
  1273 | D:2      | Reached XP level 4. HP: 25/25 MP: 10/13
  1682 | D:3      | Found a faded altar of an unknown god.
  1705 | D:3      | Noticed Natasha
  1709 | D:3      | Killed Natasha
  2358 | D:3      | Noticed Natasha
  2364 | D:3      | Killed Natasha
  2365 | D:3      | Reached skill level 6 in Spellcasting
  2365 | D:3      | Reached XP level 5. HP: 29/29 MP: 11/15
  2698 | D:3      | Noticed Natasha
  2702 | D:3      | Killed Natasha
  2854 | D:4      | Noticed Ijyb
  2868 | D:4      | Killed Ijyb
  2869 | D:4      | Reached skill level 1 in Air Magic
  2869 | D:4      | Reached skill level 1 in Poison Magic
  2869 | D:4      | Noticed Menkaure
  2880 | D:4      | Killed Menkaure
  2881 | D:4      | Reached skill level 7 in Spellcasting
  2881 | D:4      | Reached skill level 1 in Evocations
  2881 | D:4      | Reached XP level 6. HP: 18/34 MP: 0/18
  3026 | D:4      | Reached XP level 7. HP: 39/39 MP: 18/20
  3044 | D:4      | Found a glowing drain.
  3057 | Sewer    | Entered a sewer
  3137 | Sewer    | Noticed Pargi
  3153 | Sewer    | Killed Pargi
  3412 | D:4      | Found a staircase to the Ecumenical Temple.
  3421 | Temple   | Entered the Ecumenical Temple
  3915 | D:5      | Entered Level 5 of the Dungeon
  3964 | D:5      | Reached skill level 8 in Spellcasting
  4289 | D:5      | Reached skill level 9 in Spellcasting
  4289 | D:5      | Reached XP level 8. HP: 42/45 MP: 15/23
  4426 | D:5      | Found a runed translucent door.
  4426 | D:5      | Noticed Laraso's ghost (novice DjHW)
  4426 | D:5      | Noticed a two-headed ogre
  4882 | D:6      | Reached skill level 5 in Conjurations
  5090 | D:6      | Reached skill level 10 in Spellcasting
  5999 | D:7      | Reached XP level 9. HP: 35/49 MP: 23/25
  6338 | D:7      | Reached skill level 5 in Summonings
  6384 | D:7      | Slain by a wight

Illustrated notes

Levels and vault maps discovered:
D:1:      spicycebolla_green_bress_n_ham_2, layout_basic
D:2:      layout_basic, minmay_misc_feat_iff, uniq_jessica
D:3:      kennysheep_six_static_rooms, layout_rooms,
          shapermc_ecumenical_altar_totnotflames, minivault_5, uniq_natasha
D:4:      layout_cave_pods, minmay_temple_entry_glass, gup_sewer_entry_spiral,
          uniq_ijyb, uniq_menkaure
D:5:      layout_basic, ebering_ghost_inner_flame, dreamdust_gnoll_farm
D:6:      layout_basic, minivault_10, eino_tiny_chamber, grunt_ministairs_13
D:7:      nzn_winding_woodlands_medium [nzn_winding_woodlands_5x5_checkerboard,
          nzn_winding_woodlands_5x15_river_crossing,
          nzn_winding_woodlands_5x5_open_star,
          nzn_winding_woodlands_5x5_default,
          nzn_winding_woodlands_center_triple_pond,
          nzn_winding_woodlands_5x5_three, nzn_winding_woodlands_5x5_cross,
          nzn_winding_woodlands_5x15_eye, nzn_winding_woodlands_5x5_perimeter],
          layout_basic
Temple:   nicolae_temple_bog_church

Skill      XL: |  1  2  3  4  5  6  7  8  9 |
---------------+----------------------------+-----
Spellcasting   | 5 6 7 9 10 | 10.9
Fighting       | 1 2 |  2.5
Armour         | 1 2 3 |  3.0
Conjurations   | 2 3 4 5 |  5.9
Stealth        | 3 |  3.1
Dodging        | 3 |  3.0
Air Magic      | 1 |  1.0
Poison Magic   | 1 |  1.0
Evocations     | 1 |  1.0
Summonings     | 3 4 5 |  5.0
Translocations | |  1.1

Action                     |  1- 3 |  4- 6 |  7- 9 || total
---------------------------+-------+-------+-------++-------
  Melee: Dagger            |     8 |       |       ||     8
   Fire: Arbalest          |       |    63 |   129 ||   192
   Cast: Magic Dart        |    62 |    21 |    84 ||   167
         Mephitic Cloud    |     1 |     8 |    21 ||    30
         Call Imp          |     1 |     1 |     5 ||     7
         Blink             |       |       |     3 ||     3
    Use: Potion            |       |       |     1 ||     1
   Stab: Sleeping          |     1 |       |       ||     1
 Armour: Robe              |     4 |     5 |    22 ||    31
  Dodge: Dodged            |    17 |    19 |    80 ||   116
  Block: Other             |       |    10 |    25 ||    35

Table legend: (Time is in decaauts)
 A = Elapsed time spent in this place.
 B = Non-inter-level travel time spent in this place.
 C = Inter-level travel time spent in this place.
 D = Time resting spent in this place.
 E = Time spent auto-exploring this place.
 F = Levels seen in this place.
 G = Mean time per level.
                   A        B        C        D        E       F      G
               +--------+--------+--------+--------+--------+-----+--------+
         Total |   6610 |   6370 |    240 |    187 |   4679 |   9 |  734.4 |
       Dungeon |   6188 |   5966 |    222 |    187 |   4345 |   7 |  884.0 |
        Temple |    201 |    184 |     17 |      0 |    168 |   1 |  201.0 |
         Sewer |    221 |    221 |      0 |      0 |    166 |   1 |  221.0 |
               +--------+--------+--------+--------+--------+-----+--------+

Top non-repeatable levels by time:
     D:6: 1470 daAuts
     D:3: 1108 daAuts
     D:1: 905 daAuts
     D:4: 854 daAuts
     D:5: 798 daAuts
     D:2: 754 daAuts
     D:7: 295 daAuts
   Sewer: 221 daAuts
  Temple: 201 daAuts
